 Dungeon Crawl Stone Soup version 0.25-a0-277-g7046ed1b37 (webtiles) character file.

Game seed: 16821497838699152110, levelgen mode: deterministic

77 MoonlitKnight the Chopper (level 4, -2/40 HPs)
             Began as a Hill Orc Abyssal Knight on Dec 8, 2019.
             Was a Believer of Lugonu.
             Slain by an adder (3 damage)
             ... on level 2 of the Dungeon.
             The game lasted 00:04:00 (1461 turns).

MoonlitKnight the Chopper (Hill Orc Abyssal Knight) Turns: 1461, Time: 00:04:01

Health: -2/40      AC:  5    Str: 15    XL:     4   Next: 34%
Magic:  6/6        EV: 10    Int:  8    God:    Lugonu [**....]
Gold:   73         SH:  0    Dex: 10    Spells: 3/3 levels left

rFire    . . .     SeeInvis .   a - +1 hand axe
rCold    . . .     Gourm    .   (no shield)
rNeg     . . .     Faith    .   f - +0 ring mail
rPois    +         Spirit   .   (no helmet)
rElec    .         Reflect  .   (no cloak)
rCorr    .         Harm     .   (no gloves)
MR       .....                  (no boots)
Stlth    ..........             (no amulet)
HPRegen  0.13/turn              h - ring of poison resistance
MPRegen  0.10/turn              q - -4 ring of intelligence (curse)

@: lethally poisoned (-2 -> -7)
A: no striking features
a: Depart the Abyss, Bend Space, Renounce Religion


You were on level 2 of the Dungeon.
You worshipped Lugonu.
Lugonu was pleased with you.
You were not hungry.

You visited 1 branch of the dungeon, and saw 2 of its levels.
You visited the Abyss 1 time.

You collected 73 gold pieces.

Inventory:

Hand Weapons
 a - a +1 hand axe (weapon)
Missiles
 r - 13 poisoned darts (quivered)
Armour
 b - a +0 leather armour
 f - a +0 ring mail (worn)
Jewellery
 h - a ring of poison resistance (left hand)
 q - a cursed -4 ring of intelligence (right hand)
Scrolls
 i - a scroll of magic mapping {unknown}
 j - 4 scrolls of blinking {unknown}
 n - a scroll of enchant weapon {unknown}
 o - 2 scrolls of identify {unknown}
Potions
 d - a potion of flight {unknown}
 e - a potion of brilliance {unknown}
 g - a potion of haste {unknown}
 l - a potion of might {unknown}
 m - a potion of heal wounds {unknown}
 p - 2 potions of degeneration {unknown}
Comestibles
 c - a ration
 k - 4 chunks of flesh


   Skills:
 + Level 4.2 Fighting
 * Level 4.3 Axes
 + Level 2.9 Armour
 - Level 0.7 Dodging
 - Level 3.1 Invocations


You had 3 spell levels left.
You didn't know any spells.
Your spell library was empty.

Dungeon Overview and Level Annotations

Branches:
Dungeon (2/15)

Altars:


Message History

* * * LOW HITPOINT WARNING * * *
The gnoll barely misses you.
You hit the adder.
The adder is lightly wounded.
You hit the gnoll. The adder barely misses you.
The gnoll hits you but does no damage.
You slash the gnoll!
You kill the gnoll!
Lugonu accepts your kill.
You hit the adder but do no damage. The adder bites you but does no damage.
The gnoll hits you from afar with a +2 halberd of venom.
* * * LOW HITPOINT WARNING * * *
You are lethally poisoned!
The adder bites you but does no damage.
You barely miss the adder.
The adder is lightly wounded.
You hit the hobgoblin.
* * * LOW HITPOINT WARNING * * *
You feel sick. The gnoll barely misses you. The adder bites you.
You die...

#.. #..# # #..# #.#..# ###
..#.#..### .#.. ........ .....
#.#...## #.#.#.#
#.#....####### #.#.#.# .
##.#.....@S...# #.#.# #
..#####....##+##g.#.######.#.#
# .........÷## ##gg.....##.#.#
.........## ##..###.##.#.#
#######..## ##..# #.#.#
.........# #..##+##'#.#
#######.## ##.........# #.#
### ### #.........# # #.# #.##
##.# #.[÷......# #


You could see 2 gnolls, an adder and a hobgoblin.

Vanquished Creatures
  An adder (D:2)
  2 gnolls
  A worm (D:2)
  A dart slug (D:1)
  2 leopard geckos
  A ball python (D:1)
  A giant cockroach (D:1)
  2 goblins (D:1)
  4 hobgoblins
  8 jackals
  6 kobolds
  6 bats
  A frilled lizard (D:2)
  3 rats
39 creatures vanquished.

Notes
Turn   | Place    | Note
-------+----------+-------------------------------------------
     0 | Abyss:1  | MoonlitKnight the Hill Orc Abyssal Knight began the quest
                  | for the Orb.
     0 | Abyss:1  | Reached XP level 1. HP: 19/19 MP: 2/2
    29 | D:1      | Escaped the Abyss
   267 | D:1      | Reached XP level 2. HP: 25/27 MP: 3/3
   626 | D:1      | Reached XP level 3. HP: 33/33 MP: 4/4
   715 | D:1      | Reached ** piety under Lugonu
  1300 | D:2      | Reached XP level 4. HP: 40/40 MP: 6/6
  1460 | D:2      | HP: 2/40 [gnoll/+2 halberd of venom (4)]
  1461 | D:2      | Slain by an adder

Levels and vault maps discovered:
D:1:      minmay_arrival_four_houses, layout_basic
D:2:      layout_basic, gammafunk_temple_overflow_claw

Skill      XL: |  1  2  3 |
---------------+----------+-----
Axes           | 3 4 |  4.3
Fighting       | 4 |  4.2
Invocations    | 3 |  3.1
Armour         | |  2.9
Dodging        | |  0.7

Action                   |  1- 3 |  4- 6 || total
-------------------------+-------+-------++-------
Melee: Hand axe          |   126 |    26 ||   152
Invok: Bend Space        |       |     1 ||     1
  Eat: Chunk             |     1 |     1 ||     2
Armor: Leather armour    |    20 |       ||    20
       Ring mail         |    38 |     9 ||    47
Dodge: Dodged            |   100 |    23 ||   123

Table legend:
 A = Non-vault XP
 B = Vault XP
 C = Vault XP percentage of total XP
 D = Non-vault monster count
 E = Vault monster count
 F = Vault count percentage of total count
                 A         B        C        D         E       F
            +---------+---------+-------+---------+---------+-------
      Total |     111 |       0 |   0.0 |      39 |       0 |   0.0
            +---------+---------+-------+---------+---------+-------
        D:1 |      57 |       0 |   0.0 |      25 |       0 |   0.0
        D:2 |      54 |       0 |   0.0 |      14 |       0 |   0.0
            +---------+---------+-------+---------+---------+-------
